 Dungeon Crawl Stone Soup version 0.14-a0-1837-g7fb8695 (webtiles) character file.

400 M4edhros the Sneak (level 6, -10/42 HPs)
             Began as an Octopode Monk on Jan 11, 2014.
             Mangled by an ogre
             ... wielding a +0,+0 giant club
              (25 damage)
             ... on Level 4 of the Dungeon.
             The game lasted 00:03:47 (1688 turns).

M4edhros the Sneak (Octopode Monk)                  Turns: 1688, Time: 00:03:47

HP -10/42        AC  1     Str 11      XL: 6   Next: 60%
MP   6/6         EV 14     Int 14      God:
Gold 52          SH  0     Dex 14      Spells:  0 memorised,  5 levels left

rFire  . . .     SeeInvis .       - Unarmed
rCold  + . .     Clarity  .     (no shield)
rNeg   . . .     Conserve .     (helmet restricted)
rPois  .         rCorr    .     (no amulet)
rElec  .         rRot     .     j - ring of protection from cold {unknown}
SustAb . .       Spirit   .     (no ring)
rMut   .         Warding  .     (no ring)
Saprov . . .     Stasis   .     (no ring)
                                (no ring)
                                (no ring)
                                (no ring)
                                (no ring)

@: slightly resistant to hostile enchantments, very stealthy
A: almost no armour, amphibious, 8 rings, constrict 8, camouflage 1, gelatinous
body 1
a: no special abilities


You were on level 4 of the Dungeon.
You were not hungry.

You visited 1 branch of the dungeon, and saw 4 of its levels.

You collected 130 gold pieces.
You spent 78 gold pieces at shops.

Inventory:

Comestibles
 b - 3 bread rations
 i - a pear
 m - a chunk of worker ant flesh
Scrolls
 a - 5 scrolls of identify {unknown}
 c - a scroll of recharging {unknown}
 d - 2 scrolls of curse weapon {unknown}
 e - 3 scrolls of remove curse {unknown}
 g - a scroll of enchant armour {unknown}
 k - a scroll of teleportation
 l - a scroll of fear
Jewellery
 j - a ring of protection from cold (left tentacle) {unknown}
Potions
 h - a potion of curing


   Skills:
 - Level 3.0 Fighting
 + Level 4.4 Dodging
 * Level 7.2 Stealth
 + Level 5.0 Unarmed Combat


You had 5 spell levels left.
You didn't know any spells.

Dungeon Overview and Level Annotations

Branches:
Dungeon (4/16)
 Temple: D:4-7

Altars:
Xom

Shops:
D:4 *}?

Annotations:
D:4 bronies4ever's ghost, average FoFi


Innate Abilities, Weirdness & Mutations

You cannot wear most types of armour.
You are amphibious.
You can wear up to eight rings at the same time.
You can use your tentacles to constrict many enemies at once.
Your skin changes colour to match your surroundings (Stlth).
Your rubbery body absorbs attacks (AC +1).


Message History

It was a scroll of noise.
You hit the ogre. You squeeze the ogre!
The ogre is moderately wounded.
The ogre hits you with a giant club!
Ouch! That really hurt!
You barely miss the ogre.
The ogre is moderately wounded.
You hit the ogre but do no damage.
The ogre is moderately wounded.
The ogre closely misses you.
You hit the ogre.
The ogre is heavily wounded.
The ogre barely misses you.
You hit the ogre. You squeeze the ogre, but do no damage.
The ogre is heavily wounded.
You hit the ogre. You squeeze the ogre.
The ogre is almost dead.
The ogre hits you with a giant club!
Ouch! That really hurt!
You die...

####.#................###....
#.....................# #....
##.#..................###....
#..##.)....................
####.......................
#.##.....................
##....)..................
##.....O..............##
###...@..............#
#..................##
##.#.................
##..................
#.................
##....)...........
###..............
#..............
##.#...........


You could see an ogre.

Vanquished Creatures
  2 ogres (D:4)
  2 jellies (D:3)
  A hound (D:4)
  A worker ant (D:4)
  3 adders (D:4)
  A giant eyeball (D:4)
  3 giant geckos
  2 oozes (D:1)
  2 giant cockroaches
  A goblin (D:1)
  3 hobgoblins
  4 jackals (D:4)
  2 quokkas
  A sheep (D:3)
  2 bats
  4 giant newts
  A hobgoblin skeleton (D:4)
  2 kobolds
  4 rats
41 creatures vanquished.

Notes
Turn   | Place    | Note
--------------------------------------------------------------
     0 | D:1      | M4edhros, the Octopode Monk, began the quest for the Orb.
     0 | D:1      | Reached XP level 1. HP: 16/16 MP: 1/1
   176 | D:1      | Reached XP level 2. HP: 19/21 MP: 2/2
   356 | D:3      | Found a shimmering altar of Xom.
   371 | D:3      | Reached XP level 3. HP: 12/26 MP: 3/3
   605 | D:3      | Reached XP level 4. HP: 23/31 MP: 4/4
   741 | D:3      | Reached skill level 5 in Stealth
   940 | D:4      | Noticed an ogre
   958 | D:4      | Killed an ogre
   958 | D:4      | Reached skill level 6 in Stealth
   958 | D:4      | Reached XP level 5. HP: 29/36 MP: 5/5
   998 | D:4      | Found Ynaf's Magic Scroll Boutique.
  1023 | D:4      | Noticed bronies4ever's ghost (average FoFi)
  1027 | D:4      | Bought a scroll of teleportation for 36 gold pieces
  1027 | D:4      | Bought a scroll of fear for 42 gold pieces
  1147 | D:4      | Noticed an ogre
  1161 | D:4      | Killed an ogre
  1161 | D:4      | Reached XP level 6. HP: 18/42 MP: 6/6
  1400 | D:4      | Reached skill level 7 in Stealth
  1401 | D:4      | Found Tavun's Gadget Shoppe.
  1455 | D:4      | Found Bealam's Assorted Antiques.
  1489 | D:4      | Reached skill level 5 in Unarmed Combat
  1597 | D:4      | Paralysed by a giant eyeball for 4 turns
  1688 | D:4      | Mangled by an ogre

Action                   |  1- 3 |  4- 6 || total
-------------------------+-------+-------++-------
Melee: Unarmed           |    34 |    82 ||   116
  Use: Potion            |       |     4 ||     4
       Scroll            |       |     2 ||     2
 Stab: Sleeping          |     3 |     6 ||     9
